 Dungeon Crawl Stone Soup version 0.26.0-20-g3ca415f5b8 (webtiles) character file.

Game seed: 9427122263130300206

74 kaeus the Insei (level 4, -1/28 HPs)
             Began as an Octopode Transmuter on Jan 25, 2021.
             Killed from afar by Sigmund (5 damage)
             ... with a puff of flame
             ... on level 3 of the Dungeon.
             The game lasted 00:02:40 (2499 turns).

kaeus the Insei (Octopode Transmuter)               Turns: 2499, Time: 00:02:40

Health: -1/28      AC:  1    Str: 10    XL:     4   Next: 28%
Magic:  15/16      EV: 13    Int: 15    God:
Gold:   108        SH:  0    Dex: 12    Spells: 6/7 levels left

rFire    . . .     SeeInvis .     - Unarmed
rCold    . . .     Faith    .   (no shield)
rNeg     . . .     Spirit   .   (helmet currently unavailable)
rPois    .         Reflect  .   (no amulet)
rElec    .         Harm     .   c - ring of magical power
rCorr    .         Rampage  .   j - ring of teleportation (curse)
Will     .....     Rnd*Tele +   (no ring)
Stlth    +++.......             (no ring)
HPRegen  0.09/turn              (no ring)
MPRegen  0.15/turn              (no ring)
                                (no ring)
                                (no ring)

@: appendages
A: almost no armour, stealthy swim, amphibious, 8 rings, constrict 8, tentacle
spike 3, camouflage 1, gelatinous body 1
a: End Transformation


You were on level 3 of the Dungeon.
One of your tentacles had a temporary spike.
You visited 1 branch of the dungeon, and saw 3 of its levels.

You collected 108 gold pieces.

Inventory:

Jewellery
 c - a ring of magical power (left tentacle)
 j - a cursed ring of teleportation (right tentacle)
Scrolls
 d - 2 scrolls of teleportation
Potions
 a - 2 potions of curing
 b - a potion of invisibility {unknown}
 e - a potion of haste {unknown}
 f - a potion of heal wounds {unknown}
 g - a potion of flight {unknown}
 i - a potion of mutation {unknown}


   Skills:
 + Level 1.4 Fighting
 + Level 2.4 Dodging
 + Level 1.8 Stealth
 + Level 3.2 Unarmed Combat
 + Level 2.3 Spellcasting
 * Level 3.0 Transmutations


You had 6 spell levels left.
You knew the following spells:

 Your Spells              Type           Power        Failure   Level
a - Beastly Appendage     Tmut           20%          6%          1

Your spell library contained the following spells:

 Spells                   Type           Power        Failure   Level
 Wereblood                Tmut           10%          10%         2
 Spider Form              Tmut/Pois      3%           34%         3
 Ice Form                 Ice/Tmut       6%           75%         4
 Blade Hands              Tmut           5%           86%         5


Dungeon Overview and Level Annotations

Branches:
Dungeon (3/15)

Altars:
Xom

Annotations:
D:3 Sigmund


Innate Abilities, Weirdness & Mutations

You cannot wear most types of armour.
You are very stealthy in the water. (Stealth+)
You are amphibious.
You can wear up to eight rings at the same time.
You can use your tentacles to constrict eight enemies at once.
Your skin changes colour to match your surroundings (Stealth+).
Your rubbery body absorbs attacks. (AC +1, EV +1)
One of your tentacles bears a large vicious spike.


Message History

You take 6 damage, and have 3/28 hp.
MASSIVE DAMAGE!!
It was a potion of curing.
You feel better.
You regained 10 hp, and now have 13/28 hp.
Casting: Beastly Appendage (safe; 6% risk of failure)
Confirm with . or Enter, or press ? or * to list all spells.
One of your tentacles grows a vicious spike.
You hear some strange, mumbled words.
A magic dart appears from out of thin air!
The magic dart hits you!
* * * LOW HITPOINT WARNING * * *
You take 9 damage, and have 4/28 hp.
MASSIVE DAMAGE!!
You now have 15/16 mp.
You tentacle-slap something. Something barely misses you.
You feel better. Something hits you.
* * * LOW HITPOINT WARNING * * *
You closely miss something. You squeeze something. You miss something.
You hear some strange, mumbled words.
A puff of flame appears from out of thin air!
The puff of flame hits you.
You die...

#.##...........
#.########.#### #.# #.#
#.# ##'## #.# ##...##
##.# ##.....## ##..#
##.......#
########...####.........
......{@................
#####...................
##.......###.#.......#
#........# #.##.....##
#........# #.###...##
#..<....## #....#+##
##.....## #.##.#.#
##...######.##.#.# ##
##.........##.#.##


There were no monsters in sight!

Vanquished Creatures
  An adder (D:2)
  2 oozes
  3 worms
  2 dart slugs (D:1)
  A leopard gecko (D:2)
  A ball python (D:2)
  5 bats
  6 giant cockroaches
  2 goblins
  5 hobgoblins
  7 frilled lizards
  2 kobolds
  6 rats
43 creatures vanquished.

Notes
Turn   | Place    | Note
-------+----------+-------------------------------------------
     0 | D:1      | kaeus the Octopode Transmuter began the quest for the Orb.
     0 | D:1      | Reached XP level 1. HP: 13/13 MP: 3/3
   108 | D:1      | Reached XP level 2. HP: 15/18 MP: 5/5
   399 | D:1      | Reached skill level 1 in Stealth
   407 | D:1      | Reached XP level 3. HP: 21/23 MP: 6/6
  1735 | D:2      | Found a shimmering altar of Xom.
  1766 | D:2      | Reached XP level 4. HP: 25/28 MP: 7/7
  2468 | D:3      | Noticed Sigmund
  2499 | D:3      | Killed from afar by Sigmund

Illustrated notes

Levels and vault maps discovered:
D:1:      wander_arrival_lonely_grave, layout_basic, chequers_arboretum
D:2:      layout_basic, marbit_many_paths, minmay_lizard_pond
D:3:      kennysheep_the_goblin_king, layout_loops_corners, lemuel_round_altar,
          uniq_sigmund

Skill      XL: |  1  2  3  4 |
---------------+-------------+-----
Stealth        | 1 |  1.8
Transmutations | 3 |  3.0
Fighting       | |  1.4
Dodging        | |  2.4
Unarmed Combat | |  3.2
Spellcasting   | |  2.3

Action                   |  1- 3 |  4- 6 || total
-------------------------+-------+-------++-------
Melee: Unarmed           |    85 |    27 ||   112
       Constrict         |    24 |     8 ||    32
       Tentacles         |    13 |     6 ||    19
       Kick              |    15 |     8 ||    23
       Punch             |     4 |     1 ||     5
 Cast: Beastly Appendage |    20 |     8 ||    28
  Use: Scroll            |       |     5 ||     5
       Potion            |       |     2 ||     2
 Stab: Sleeping          |     4 |     2 ||     6
Armor: Skin              |     6 |     1 ||     7
Dodge: Dodged            |    52 |    17 ||    69
